 Dungeon Crawl Stone Soup version 0.18-a0-1577-gf591c28 (webtiles) character file.

137 4thArraOfDagon the Ruffian (level 5, -1/27 HPs)
             Began as a Vine Stalker Fighter on Mar 19, 2016.
             Was a Follower of Makhleb.
             Slain by a worker ant (2 damage)
             ... on level 4 of the Dungeon.
             The game lasted 00:03:26 (485 turns).

4thArraOfDagon the Ruffian (Vine Stalker Fighter)    Turns: 485, Time: 00:03:26

Health: -1/27      AC:  6    Str: 18    XL:     5   Next: 20%
Magic:  0/6        EV:  7    Int:  9    God:    Makhleb [*.....]
Gold:   7          SH:  9    Dex: 14    Spells: 0 memorised, 4 levels left

rFire  . . .     SeeInvis .       - Unarmed
rCold  . . .     Gourm    .     a - +0 scale mail
rNeg   . . .     Faith    .     b - +0 shield
rPois  .         Spirit   +     (no helmet)
rElec  .         Dismiss  .     (no cloak)
rCorr  .         Reflect  .     (no gloves)
SustAt .         Harm     .     (no boots)
MR     .....                    (no amulet)
Stlth  ..........               (no ring)
                                (no ring)

@: lethally poisoned (-1 -> -2), not resistant to hostile enchantments,
extremely unstealthy
A: fangs 2, regeneration 1, magic shield, antimagic bite, no device heal 3, rot
immunity
a: Renounce Religion


You were on level 4 of the Dungeon.
You worshipped Makhleb.
Makhleb was aware of your devotion.
You were not hungry.

You visited 1 branch of the dungeon, and saw 4 of its levels.

You collected 43 gold pieces.
You spent 36 gold pieces at shops.

Inventory:

Missiles
 j - 5 tomahawks of returning (quivered)
Armour
 a - a +0 scale mail (worn)
 b - a +0 shield (worn)
Scrolls
 c - a scroll of remove curse {unknown}
 e - a scroll of enchant armour {unknown}
 f - 4 scrolls of identify
 g - a scroll of immolation {unknown}
 h - 2 scrolls of teleportation {unknown}
 i - a scroll of random uselessness
 k - a scroll of enchant weapon {unknown}
Comestibles
 d - 4 bread rations


   Skills:
 - Level 2.6 Fighting
 + Level 3.0 Armour
 + Level 3.6 Shields
 * Level 3.8 Unarmed Combat


You had 4 spell levels left.
You didn't know any spells.

Dungeon Overview and Level Annotations

Branches:
Dungeon (4/15)
 Temple: D:4-7

Altars:
Makhleb
Trog

Shops:
D:4 *


Innate Abilities, Weirdness & Mutations

You have extremely sharp teeth.
Your natural rate of healing is unusually fast.
When hurt, damage is shared between your health and your magic reserves.
Your bite disrupts and absorbs the magic of your enemies.
Potions and wands cannot restore your health.
You are immune to rotting.


Message History

You feel sick. The worker ant barely misses you.
Unknown command.
You hit the worker ant.
The worker ant is severely wounded.
You feel sick. You block the worker ant's attack.
Unknown command.
You hit the worker ant.
The worker ant is almost dead.
The worker ant bites you.
Unknown command.
You closely miss the worker ant. Your bite misses the worker ant.
The worker ant is almost dead.
You feel sick. The worker ant bites you.
* * * LOW HITPOINT WARNING * * *
Unknown command.
You hit the worker ant but do no damage.
The worker ant is almost dead.
* * * LOW HITPOINT WARNING * * *
You feel sick. The worker ant bites you.
You die...

.#.#..
.....
.#..#####
.......
......##
... ..#
#a# #.#
#@# #.#
#.#.
#.###.#
#.#
#..#..#
#.#
##....#
#.#
#.∩#.#.#.#
#..#.#.#.#
#..#...#.#
#..#.###.#
#..#..##)#
###


You could see a worker ant.

Vanquished Creatures
  An orc priest (D:4)
  An orc wizard (D:4)
  6 adders
  A worm (D:3)
  2 orcs
  3 bats
  2 giant cockroaches
  2 goblins
  3 hobgoblins
  A quokka (D:2)
  A giant newt (D:2)
  3 rats
26 creatures vanquished.

Notes
Turn   | Place    | Note
--------------------------------------------------------------
     0 | D:1      | 4thArraOfDagon the Vine Stalker Fighter began the quest for the Orb.
     0 | D:1      | Reached XP level 1. HP: 11/11 MP: 2/2
    73 | D:2      | Reached XP level 2. HP: 14/16 MP: 3/3
    82 | D:2      | Found a burning altar of Makhleb.
    82 | D:2      | Found a bloodstained altar of Trog.
    86 | D:2      | Became a worshipper of Makhleb the Destroyer
   160 | D:2      | Reached XP level 3. HP: 5/19 MP: 2/4
   174 | D:2      | Found a faded altar to an unknown god.
   278 | D:3      | Reached XP level 4. HP: 23/23 MP: 5/5
   388 | D:3      | Reached * piety under Makhleb
   456 | D:4      | Reached XP level 5. HP: 8/27 MP: 6/6
   463 | D:4      | G
   466 | D:4      | Found Adetan's General Store.
   469 | D:4      | Bought a scroll of identify for 24 gold pieces
   469 | D:4      | Bought a scroll of random uselessness for 12 gold pieces
   484 | D:4      | HP: 1/27 [worker ant (3)]
   485 | D:4      | Slain by a worker ant

Vault maps used:
D:1:      tarquinn_simple_flora_water_f
D:2:      gammafunk_temple_overflow_wave, ecumenical_altar_1, uniq_iyjb
D:3:      first_bread
D:4:      minitemple, serial_shops, shop, serial_co_window_serial,
          co_window_cross_1, co_window_paths_a, co_window_paths_a,
          co_window_paths_a, co_window_paths_b, co_window_unsneaky_path_b,
          co_window_broadway_c, co_window_unsneaky_path_d, co_window_paths_d,
          glass_columns_a, glass_columns_a, glass_columns_b, grunt_ministairs_6,
          amethyst_killhole, hangedman_decor_clover_reticule,
          guppyfry_early_orc_mine, uniq_natasha, uniq_pikel

Skill      XL: |  1  2  3  4 |
---------------+-------------+-----
Shields        | 3 |  3.6
Unarmed Combat | 3 |  3.8
Armour         | 3 |  3.0
Fighting       | |  2.6

Action                   |  1- 3 |  4- 6 || total
-------------------------+-------+-------++-------
Melee: Unarmed           |    52 |    69 ||   121
  Use: Potion            |     2 |     1 ||     3
